 Dungeon Crawl Stone Soup version 0.26.0-10-g1f06aea511 (webtiles) character file.

Game seed: 7986930089505689949

30 MisterFreud the Stinger (level 3, -1/24 HPs)
             Began as a Demonspawn Venom Mage on Jan 24, 2021.
             Slain by a bullfrog (6 damage)
             ... on level 2 of the Dungeon.
             The game lasted 00:02:35 (1231 turns).

MisterFreud the Stinger (Demonspawn Venom Mage)     Turns: 1231, Time: 00:02:37

Health: -1/24      AC:  6    Str:  8    XL:     3   Next: 5%
Magic:  1/6        EV: 12    Int: 17    God:
Gold:   26         SH:  0    Dex: 13    Spells: 5/6 levels left

rFire    . . .     SeeInvis .   f - +0 short sword
rCold    . . .     Faith    .   (no shield)
rNeg     . . .     Spirit   .   a - +0 robe
rPois    .         Reflect  .   (no helmet)
rElec    .         Harm     .   (no cloak)
rCorr    .         Rampage  .   e - +0 pair of gloves
Will     .....                  (no boots)
Stlth    ++........             (no amulet)
HPRegen  0.08/turn              (no ring)
MPRegen  0.10/turn              (no ring)

@: very slightly contaminated
A: icy blue scales 2
a: no special abilities


You were on level 2 of the Dungeon.
You visited 1 branch of the dungeon, and saw 2 of its levels.

You collected 26 gold pieces.

Inventory:

Hand Weapons
 b - a +0 club
 c - a +0 whip
 f - a +0 short sword (weapon)
Armour
 a - a +0 robe (worn)
 e - a +0 pair of gloves (worn)
Scrolls
 d - a scroll of fear {unknown}
 g - a scroll of enchant weapon {unknown}
 h - a scroll of noise {unknown}


   Skills:
 - Level 1.7 Dodging
 - Level 1.7 Stealth
 - Level 2.0 Spellcasting
 - Level 0.8 Transmutations
 + Level 4.2 Poison Magic


You had 5 spell levels left.
You knew the following spells:

 Your Spells              Type           Power        Failure   Level
a - Sting                 Tmut/Pois      40%          7%          1

Your spell library contained the following spells:

 Spells                   Type           Power        Failure   Level
 Poisonous Vapours        Pois/Air       16%          12%         2
 Ignite Poison            Fire/Tmut/Pois 7%           28%         3
 Mephitic Cloud           Conj/Pois/Air  6%           32%         3
 Olgreb's Toxic Radiance  Pois           16%          32%         4


Dungeon Overview and Level Annotations

Branches:
Dungeon (2/15)

Altars:


Innate Abilities, Weirdness & Mutations

You are mostly covered in icy blue scales. (AC +3)


Message History

Press: ? - help, Shift-Dir - straight line, f/p - bullfrog
Aim: a bullfrog (moderately wounded, poisoned, 36% to evade)
The sting misses the bullfrog.
The bullfrog hits you.
Casting: Sting (safe; 7% risk of failure)
Confirm with . or Enter, or press ? or * to list all spells.
Aiming: Sting (safe; 7% risk of failure)
Press: ? - help, Shift-Dir - straight line, f/p - bullfrog
Aim: a bullfrog (moderately wounded, poisoned, 36% to evade)
You miscast Sting.
Nothing appears to happen.
The bullfrog hits you. The bullfrog hits you!
* * * LOW HITPOINT WARNING * * *
Casting: Sting (safe; 7% risk of failure)
Confirm with . or Enter, or press ? or * to list all spells.
Aiming: Sting (safe; 7% risk of failure)
Press: ? - help, Shift-Dir - straight line, f/p - bullfrog
Aim: a bullfrog (moderately wounded, poisoned, 36% to evade)
The sting hits the bullfrog.
The bullfrog looks even sicker.
The bullfrog is heavily wounded.
The bullfrog hits you.
You die...

###(... .....# #
..#.##.####
#.#..).....
####.#<......#
####.......#.##..
........####
####....####.#
####..@F..#
###......#
#.####.?# #.. .
#..# #..# #!.#
#..#


You could see a bullfrog (very poisoned).

Vanquished Creatures
  An ooze (D:1)
  A leopard gecko (D:1)
  3 giant cockroaches (D:1)
  A goblin (D:1)
  2 hobgoblins (D:1)
  A ball python (D:1)
  8 bats (D:1)
  6 kobolds (D:1)
  2 rats (D:1)
25 creatures vanquished.

Notes
Turn   | Place    | Note
-------+----------+-------------------------------------------
     0 | D:1      | MisterFreud the Demonspawn Venom Mage began the quest for
                  | the Orb.
     0 | D:1      | Reached XP level 1. HP: 13/13 MP: 3/3
   212 | D:1      | Gained mutation: You are partially covered in icy blue
                  | scales. (AC +2) [demonic ancestry]
   212 | D:1      | Reached XP level 2. HP: 19/19 MP: 3/5
   522 | D:1      | Reached skill level 4 in Poison Magic
  1051 | D:1      | Gained mutation: You are mostly covered in icy blue scales.
                  | (AC +3) [demonic ancestry]
  1051 | D:1      | Reached XP level 3. HP: 23/24 MP: 4/6
  1224 | D:2      | Noticed a bullfrog
  1231 | D:2      | Slain by a bullfrog

Illustrated notes

Levels and vault maps discovered:
D:1:      lemuel_arrival_river_ford, layout_loops_ring, nrook_mini_backslash
D:2:      layout_loops_ring, minivault_14, uniq_natasha

Skill      XL: |  1  2 |
---------------+-------+-----
Poison Magic   | 4 |  4.2
Dodging        | |  1.7
Stealth        | |  1.7
Spellcasting   | |  2.0
Transmutations | |  0.8

Action                   || total
-------------------------++-------
Melee: Unarmed           ||     4
       Whip              ||    12
       Short sword       ||     7
       Club              ||     1
 Cast: Sting             ||    39
Armor: Robe              ||    13
Dodge: Dodged            ||    33
